 Dungeon Crawl Stone Soup version 0.25.0-46-gbd7b0854d2 (webtiles) character file.

Game seed: 15960260839805669440

758368 anguish the Conqueror (level 27, -11/199 HPs)
             Began as a Formicid Abyssal Knight on July 15, 2020.
             Was an Elder of Lugonu.
             Killed from afar by a raiju (26 damage)
             ... with a living lightning
             ... on level 4 of the Abyss on July 17, 2020.
             The game lasted 04:38:14 (102394 turns).

anguish the Conqueror (Formicid Abyssal Knight)   Turns: 102394, Time: 04:38:14

Health: -11/199    AC: 42    Str: 26    XL:     27
Magic:  28/28      EV: 11    Int: 26    God:    Lugonu [****..]
Gold:   3963       SH: 21    Dex: 10    Spells: 31/54 levels left

rFire    + + +     SeeInvis +   a - +10 executioner's axe of Viox {freeze, rC- rN+++ Int+3 SInv}
rCold    . . .     Gourm    .   n - +0 tower shield
rNeg     + + +     Faith    .   T - +11 gold dragon scales
rPois    +         Spirit   .   (helmet unavailable)
rElec    .         Reflect  .   G - +2 cloak
rCorr    .         Harm     .   N - +3 pair of gauntlets of War {Slay+5}
MR       +++++     Clarity  +   r - +2 pair of boots {run}
Stlth    ..........             h - amulet "Taraiz" {rF+ MR+ Regen+ Slay+3}
HPRegen  0.00/turn              t - ring of Secrets {Fire Int+4}
MPRegen  0.21/turn              l - ring of the Mage {Wiz MR++ Int+3}

@: non-regenerating, diseased, studying Dodging, quick
A: permanent stasis, dig shafts and tunnels, four strong arms, antennae 3,
clarity, clever 1, cold resistance 1, [deformed body], deterioration 1, [frail
2], [low mp 3], weak 1, MP-powered wands
}: 4/15 runes: decaying, silver, abyssal, gossamer
a: Dig, Shaft Self, Depart the Abyss, Bend Space, Banish, Corrupt, Renounce
Religion


You were on level 4 of the Abyss.
You worshipped Lugonu.
Lugonu was greatly pleased with you.
You were near starving.

You visited 10 branches of the dungeon, and saw 52 of its levels.
You visited the Abyss 4 times.
You visited 1 bazaar.
You also visited: Ice Cave.

You collected 8710 gold pieces.
You spent 4747 gold pieces at shops.

Inventory:

Hand Weapons
 a - the +10 executioner's axe of Viox (weapon) {freeze, rC- rN+++ Int+3 SInv}
   (You acquired it on level 1 of the Lair of Beasts)

   It has been specially enchanted to freeze those struck by it, causing extra
   injury to most foes and up to half again as much damage against particularly
   susceptible opponents.
   It can also slow down cold-blooded creatures.
   It affects your intelligence (+3).
   It makes you vulnerable to cold.
   It renders you almost immune to negative energy.
   It lets you see invisible.
 b - a +8 vampiric battleaxe
 i - a +6 executioner's axe of freezing
 u - a +9 battleaxe of distortion
Missiles
 k - 17 javelins
 Q - 4 throwing nets
 V - 4 silver javelins (quivered)
Armour
 n - a +0 tower shield (worn)
 r - a +2 pair of boots of running (worn)
 G - a +2 cloak (worn)
 H - the +4 plate armour of Lugonu's Wrath {rElec rPois rN+ Stlth+}
   (You found it on level 4 of the Swamp)

   It insulates you from electricity.
   It protects you from poison.
   It protects you from negative energy.
   It makes you more stealthy.
 N - the +3 pair of gauntlets of War (worn) {Slay+5}
   (You acquired it on level 1 of the Realm of Zot)

   It affects your accuracy and damage with ranged weapons and melee attacks
   (+5).
 T - +11 gold dragon scales (worn)
Jewellery
 h - the amulet "Taraiz" (around neck) {rF+ MR+ Regen+ Slay+3}
   (You found it on level 5 of the Vaults)

   [amulet of regeneration]

   It affects your accuracy and damage with ranged weapons and melee attacks
   (+3).
   It protects you from fire.
   It affects your resistance to hostile enchantments.
   It increases your rate of regeneration.
 l - the ring of the Mage (right hand) {Wiz MR++ Int+3}
   (You took it off a vampire on level 3 of the Crypt)

   [ring of wizardry]

   It improves your spell success rate.
   It affects your intelligence (+3).
   It affects your resistance to hostile enchantments.
 t - the ring of Secrets (left hand) {Fire Int+4}
   (You bought it in a shop on level 2 of the Depths)

   [ring of fire]

   It enhances your fire magic.
   It affects your intelligence (+4).
   It protects you from fire.
   It makes you vulnerable to cold.
 M - an uncursed ring of protection from fire
 R - an uncursed ring of resist corrosion
Wands
 e - a wand of digging (25)
 O - a wand of clouds (5)
 S - a wand of acid (58)
 Y - a wand of iceblast (35)
Scrolls
 d - 21 scrolls of remove curse
 f - 7 scrolls of magic mapping
 q - 3 scrolls of summoning
 w - 8 scrolls of immolation
 y - 6 scrolls of fear
 C - 19 scrolls of identify
 E - 10 scrolls of fog
 I - a scroll of amnesia
 X - a scroll of holy word
Potions
 g - 6 potions of flight
 j - 2 potions of stabbing
 m - 5 potions of mutation
 o - 8 potions of heal wounds
 s - a potion of invisibility
 v - 14 potions of ambrosia
 z - 8 potions of curing
 B - 4 potions of lignification
 D - 10 potions of brilliance
 F - 3 potions of resistance
 K - 2 potions of cancellation
 U - 3 potions of might
 Z - 3 potions of magic
Books
 J - a manual of Dodging
Miscellaneous
 L - 3 phantom mirrors
 P - 4 boxes of beasts
Comestibles
 c - 74 rations


   Skills:
 O Level 27 Fighting
 - Level 26.0 Axes
 - Level 10.2 Throwing
 - Level 23.0 Armour
 - Level 11.0 Dodging
 - Level 0.8 Stealth
 - Level 15.0 Shields
 * Level 14.3 Spellcasting
 * Level 17.4 Translocations
 - Level 6.0 Transmutations
 - Level 6.0 Earth Magic
 - Level 18.3 Invocations
 - Level 8.0 Evocations


You had 31 spell levels left.
You knew the following spells:

 Your Spells              Type           Power        Failure   Level  Hunger
a - Passwall              Tmut/Erth      #####...     1%          2    None
b - Dispersal             Tloc           #######...   1%          6    ####...
c - Shroud of Golubria    Chrm/Tloc      ######       1%          2    None
d - Disjunction           Tloc           #######...   50%         8    #######
e - Irradiate             Conj/Tmut      ####......   65%         5    ##.....

Your spell library contained the following spells:

 Spells                   Type           Power        Failure   Level  Hunger
 Apportation              Tloc           ######       0%          1    None
 Beastly Appendage        Tmut           #####.       1%          1    None
 Sandblast                Erth           #####.       1%          1    None
 Sticks to Snakes         Tmut           #####...     1%          2    None
 Gell's Gravitas          Tloc           #######...   1%          3    None
 Lesser Beckoning         Tloc           #######...   1%          3    None
 Portal Projectile        Hex/Tloc       ######       1%          3    None
 Recall                   Summ/Tloc      N/A          1%          3    None
 Passage of Golubria      Tloc           N/A          1%          4    None
 Sting                    Tmut/Pois      ####         3%          1    None
 Summon Forest            Summ/Tloc      ######....   9%          5    ##.....
 Petrify                  Tmut/Erth      #####...     10%         4    None
 Spider Form              Tmut/Pois      ####......   11%         3    None
 Stone Arrow              Conj/Erth      ####..       11%         3    None
 Animate Skeleton         Necr           N/A          12%         1    None
 Corona                   Hex            ###....      12%         1    None
 Foxfire                  Conj/Fire      ####         12%         1    None
 Magic Dart               Conj           ###.         12%         1    None
 Pain                     Necr           ###.         12%         1    None
 Shock                    Conj/Air       ###.         12%         1    None
 Summon Butterflies       Summ           ###.....     12%         1    None
 Summon Small Mammal      Summ           ###.         12%         1    None
 Ignite Poison            Fire/Tmut/Pois #####...     16%         3    None
 Call Imp                 Summ           ###.....     17%         2    None
 Corpse Rot               Necr/Air       N/A          17%         2    None
 Ensorcelled Hibernation  Hex/Ice        ###...       17%         2    None
 Poisonous Vapours        Pois/Air       ###...       17%         2    None
 Searing Ray              Conj           ###...       17%         2    None
 Slow                     Hex            ###.....     17%         2    None
 Sublimation of Blood     Necr           ###.......   17%         2    None
 Blade Hands              Tmut           #####.....   26%         5    ##.....
 Lee's Rapid Deconstruct  Erth           #####.....   26%         5    ##.....
 Call Canine Familiar     Summ           ###.....     32%         3    None
 Conjure Flame            Conj/Fire      ####....     32%         3    None
 Inner Flame              Hex/Fire       ####....     32%         3    None
 Mephitic Cloud           Conj/Pois/Air  ###.....     32%         3    None
 Static Discharge         Conj/Air       ###.....     32%         3    None
 Summon Guardian Golem    Hex/Summ       ###.....     32%         3    None
 Tukima's Dance           Hex            ###.....     32%         3    None
 Vampiric Draining        Necr           ###.......   32%         3    None
 Ice Form                 Ice/Tmut       ####....     32%         4    None
 Leda's Liquefaction      Hex/Erth       ####......   32%         4    None
 Alistair's Intoxication  Tmut/Pois      ####....     65%         5    ##.....
 Borgnjor's Vile Clutch   Necr/Erth      ####......   65%         5    ##.....
 Yara's Violent Unravell  Hex/Tmut       ####......   65%         5    ##.....
 Airstrike                Air            ###.......   71%         4    None
 Animate Dead             Necr           N/A          71%         4    None
 Cause Fear               Hex            ###.......   71%         4    None
 Dispel Undead            Necr           ###.....     71%         4    None
 Sticky Flame             Conj/Fire      ####....     71%         4    None
 Summon Ice Beast         Ice/Summ       ###.....     71%         4    None
 Summon Lightning Spire   Summ/Air       ###.....     71%         4    None
 Bolt of Magma            Conj/Fire/Erth #####.....   77%         5    ##.....
 Hydra Form               Tmut           #####.....   80%         6    ####...
 Statue Form              Tmut/Erth      #####....    80%         6    ####...
 Agony                    Necr           ###.....     95%         5    ##.....
 Aura of Abjuration       Summ           ###.......   95%         5    ##.....
 Excruciating Wounds      Chrm/Necr      ###.......   95%         5    ##.....
 Fireball                 Conj/Fire      ####......   95%         5    ##.....
 Iskenderun's Battlesphe  Conj/Chrm      ###.....     95%         5    ##.....
 Lightning Bolt           Conj/Air       ###.......   95%         5    ##.....
 Metabolic Englaciation   Hex/Ice        ###.......   95%         5    ##.....
 Silence                  Hex/Air        ###.......   95%         5    ##.....
 Summon Demon             Summ           ###.......   95%         5    ##.....
 Summon Mana Viper        Hex/Summ       ###.....     95%         5    ##.....
 Eringya's Noxious Bog    Tmut/Pois      ####......   99%         6    ####...
 Iron Shot                Conj/Erth      ####......   99%         6    ####...
 Conjure Ball Lightning   Conj/Air       ###.......   100%        6    ####...
 Darkness                 Hex            ###.......   100%        6    ####...
 Freezing Cloud           Conj/Ice/Air   ###.......   100%        6    ####...
 Invisibility             Hex            ###.....     100%        6    ####...
 Ozocubu's Refrigeration  Ice            ###.......   100%        6    ####...
 Shadow Creatures         Summ           N/A          100%        6    ####...
 Simulacrum               Ice/Necr       ###.......   100%        6    ####...
 Starburst                Conj/Fire      ####......   100%        6    ####...
 Dragon Form              Tmut           #####.....   100%        7    ######.
 Haunt                    Necr/Summ      ###.......   100%        7    ######.
 Orb of Destruction       Conj           ###.......   100%        7    ######.
 Ring of Flames           Chrm/Fire      ####......   100%        7    ######.
 Spellforged Servitor     Conj/Summ      ###.......   100%        7    ######.
 Borgnjor's Revivificati  Necr           ###.......   100%        8    #######
 Death's Door             Chrm/Necr      ###.......   100%        8    #######
 Discord                  Hex            ###.......   100%        8    #######
 Ignition                 Fire           ####......   100%        8    #######
 Infestation              Necr           ###.......   100%        8    #######
 Necromutation            Tmut/Necr      ####......   100%        8    #######
 Shatter                  Erth           #####.....   100%        9    #######
 Tornado                  Air            ###.......   100%        9    #######
 Blink                    Tloc           Unusable     N/A         2    N/A
 Swiftness                Chrm/Air       Unusable     N/A         2    N/A
 Controlled Blink         Tloc           Unusable     N/A         8    N/A

Dungeon Overview and Level Annotations

Branches:
Dungeon (15/15)            Temple (0/1) D:7            Lair (6/6) D:8
  Swamp (4/4) Lair:2       Spider (4/4) Lair:4        Slime (0/5) Lair:6
    Orc (2/2) D:11            Elf (3/3) Orc:2        Vaults (5/5) D:13
  Crypt (3/3) Vaults:2       Tomb (0/3) Crypt:3      Depths (5/5) D:15
    Zot (5/5) Depths:5      IceCv (visited)

Altars:
Ashenzari
Dithmenos
Gozag
Hepliaklqana
Kikubaaqudgha
Makhleb
Okawaru
Qazlal
Ru
Uskayaw
Yredelemnul
The Shining One
Beogh

Shops:
D:5 !   D:9 *   D:13 =   Orc:2 *[}   Elf:3 [   Vaults:3 !   Vaults:5 }
Depths:1 (   Depths:2 }=}

Portals:
Hell: Depths:1 Depths:2 Depths:3 Depths:4 Depths:5
Abyss: Depths:4
Pandemonium: Depths:3 Depths:4
Ziggurat: Depths:5

Annotations:
D:8 2 transporters, funkygono's ghost, novice DrFE
Swamp:3 2 runed translucent doors, xccam's ghost, adept OpAs
Spider:3 Roxanne
Zot:3 1 runed translucent door, Jofris Vesimp's ghost, legendary GnFE
Zot:5 corrupted


Innate Abilities, Weirdness & Mutations

You cannot be hasted, slowed, berserked, paralysed or teleported.
You can dig through walls and to a lower floor.
Your four strong arms can wield two-handed weapons with a shield.
You have a pair of large antennae on your head. (SInv)
You possess an exceptional clarity of mind.
Your mind is acute. (Int +2)
Your flesh is cold resistant. (rC+)
Your body sometimes deteriorates upon taking damage.
You are weak. (Str -2)
You expend magic power (3 MP) to strengthen your wands.
[Armour fits poorly on your strangely shaped body.]
[You are very frail. (-20% HP)]
[Your magical capacity is extremely low. (-30% MP)]


Message History

You block the tentacled starspawn's attack. x2
The wretched star pulses with an eldritch light!
You feel less energetic.
You feel frail. x2
Unknown command.
Your gold dragon scales prevents you from hitting the tentacled starspawn.
A chorus of shrieks assaults your mind.
* * * LOW HITPOINT WARNING * * *
A starcursed mass splits.
You block the tentacled starspawn's attack.
The tentacled starspawn engulfs you but does no damage.
Unknown command.
You feel the dreadful sensation subside.
You feel clever.
The +10 executioner's axe of Viox {freeze, rC- rN+++ Int+3 SInv} glows with a cold blue light!
a - the +10 executioner's axe of Viox (weapon)
{freeze, rC- rN+++ Int+3 SInv} The worldbinder calls forth creatures from the Shoals!
The worldbinder calls forth creatures from the Shoals!
The raiju bursts into living lightning!
The living lightning hits you!!
You die...

. .. ... ..
...#### .. . .
. . ...# . . .
. . . .XX.'. #
## # X...#.. {
x....#.. #
######XX...'
#..#.k..X3....#
...x.(..#x{...#
#..#H..@#{. . #
##m.h# .†..
##.##.#. # .. #
X..# '.. {... #
.##. #.....h '#
.. .. . ..
...#... #. .#
.#


You could see 3 starcursed masses, a tentacled starspawn, a wind drake
(summoned, repels missiles), an ancient zyme, a manticore (summoned, expiring),
a large abomination, a merfolk siren (summoned), a worldbinder and a raiju.

Vanquished Creatures
  3 orbs of fire
  An ancient lich (Abyss:4)
  A juggernaut (Depths:3)
  Sojobo (Abyss:1)
  A Killer Klown (Zot:2)
  Bai Suzhen (Elf:3)
  Frederick (Vaults:2)
  A curse toe (Zot:3)
  11 golden dragons
  3 profane servitors
  12 bone dragons
  Jorgrun (D:14)
  A hellephant (Abyss:1)
  11 tentacled monstrosities
  4 quicksilver dragons
  16 Orb Guardians (Zot:5)
  4 titans (Vaults:5)
  13 liches
  A deep elf blademaster (Elf:2)
  A kraken (Abyss:1)
  3 deep elf master archers
  3 Executioners
  Gastronok (D:12)
  Frances (Swamp:2)
  44 tentacled starspawn
  4 death cobs
  5 sphinxes
  11 ancient champions
  15 tengu reavers
  Agnes (D:14)
  8 shadow dragons
  Kirke (Abyss:1)
  3 thorn hunters
  13 storm dragons
  15 fire giants
  4 revenants
  2 daevas (Abyss:1)
  8 deep elf sorcerers
  3 iron dragons
  10 draconian monks
  11 vault wardens
  3 draconian knights
  8 draconian scorchers
  2 iron dragons (shapeshifter) (Depths:4)
  An orc warlord (Elf:1)
  A ghost moth (shapeshifter) (Depths:4)
  A balrug (Abyss:4)
  18 frost giants
  9 emperor scorpions
  8 ghouls
  2 angels (Abyss:4)
  2 draconian stormcallers (Zot:2)
  3 ghost moths
  A cacodemon (Abyss:1)
  2 spriggan defenders
  An ophan (Abyss:1)
  2 curse skulls
  5 deep elf elementalists
  10 draconian shifters
  A draconian annihilator (Zot:5)
  14 stone giants
  3 reapers
  13 ironheart preservers
  7 war gargoyles
  34 very ugly things
  10 green draconians
  123 starcursed masses
  5 deep elf demonologists
  10 vampire knights
  3 entropy weavers
  Azrael (D:13)
  10 black draconians
  4 yellow draconians
  Nessos (D:14)
  5 red draconians
  8 purple draconians
  8 deep elf annihilators
  8 lorocyprocas
  4 spark wasps
  12 white draconians
  A blizzard demon (Abyss:4)
  4 eidola
  13 ettins
  A merfolk impaler (Depths:5)
  A fire dragon (shapeshifter) (Depths:4)
  A crystal guardian (Depths:4)
  3 green deaths
  Josephine (Orc:1)
  11 deep elf death magi
  A quicksilver dragon zombie (Abyss:1)
  11 deep elf high priests
  6 jiangshi (Crypt:3)
  11 yaktaur captains
  11 rakshasas
  8 fire dragons
  4 ghost crabs
  13 ice dragons
  7 great orbs of eyes
  A quicksilver dragon skeleton (Abyss:4)
  10 hydras
  A naga warrior (Abyss:1)
  38 vault guards
  A hell beast (Depths:3)
  A shambling mangrove (Swamp:3)
  A juggernaut simulacrum (Depths:4)
  3 catoblepae
  4 death knights
  3 spriggan air magi
  10 centaur warriors
  A queen ant (Spider:1)
  18 ogre magi
  26 dancing weapons
  8 vampire magi
  12 alligators
  10 deep troll earth magi
  7 deep troll shamans
  55 two-headed ogres
  A titan zombie (Abyss:1)
  4 tengu warriors
  3 death yaks (IceCv)
  6 hell hogs
  24 thrashing horrors
  8 orc high priests
  A titan skeleton (Depths:2)
  8 spriggan berserkers
  Nergalle (Abyss:1)
  13 hell knights
  39 wretched stars
  3 storm dragon zombies
  2 sun demons
  11 spriggans
  5 soul eaters
  29 deep elf knights
  7 shadow wraiths
  4 iron trolls (Depths:3)
  22 skeletal warriors
  8 sixfirhies
  9 spatial maelstroms
  An anaconda zombie (Crypt:3)
  7 flayed ghosts
  A quicksilver dragon simulacrum (Crypt:3)
  7 glowing orange brains
  3 spriggan druids
  5 unseen horrors
  2 torturous demonspawn (Depths:3)
  A golden dragon zombie (Crypt:2)
  A death drake (Swamp:4)
  A shadow demon (Abyss:2)
  6 swamp dragons
  4 wizards
  18 deep trolls
  12 phantasmal warriors
  2 orange crystal statues
  A lindwurm (Lair:6)
  A deep troll (shapeshifter) (Vaults:5)
  8 harpies
  A golden dragon skeleton (Crypt:1)
  19 ironbrand convokers
  2 wolf spider zombies
  12 necromancers
  A harpy (shapeshifter) (Vaults:1)
  16 orb spiders
  14 deep elf archers
  66 deep elf magi
  A spectral hydra (Swamp:4)
  A shining eye (Abyss:1)
  A wolf spider (shapeshifter) (Vaults:5)
  A sphinx zombie (Depths:2)
  27 wolf spiders
  A shadow dragon skeleton (Crypt:2)
  An iron dragon zombie (Abyss:4)
  2 fire giant zombies
  23 orc knights
  16 worldbinders
  A salamander (Abyss:1)
  6 orc sorcerers
  14 oklob plants
  7 cyclopes
  An iron dragon skeleton (Crypt:3)
  A salamander (shapeshifter) (Depths:4)
  2 stone giant zombies
  8 elephants
  24 moths of wrath
  65 ugly things
  4 manticores (shapeshifter)
  2 fire giant skeletons (Abyss:1)
  An ice statue (IceCv)
  An eye of devastation (Abyss:1)
  A stone giant skeleton (Abyss:1)
  2 naga magi
  5 black mambas
  Joseph (D:7)
  12 vault sentinels
  2 frost giant skeletons
  31 smoke demons
  3 torpor snails
  2 guardian serpents
  A shock serpent skeleton (Crypt:3)
  A titan simulacrum (Abyss:1)
  11 apocalypse crabs
  2 black mambas (shapeshifter)
  Psyche (D:8)
  2 hellions (Abyss:1)
  3 molten gargoyles (Lair:6)
  Maggie (D:8)
  16 demonic crawlers
  14 spiny frogs
  10 orange demons
  A rime drake (Lair:6)
  An emperor scorpion zombie (Crypt:1)
  A yaktaur (shapeshifter) (Depths:4)
  2 kobold demonologists
  16 yaktaurs
  A komodo dragon (shapeshifter) (Abyss:1)
  3 tormentors
  12 freezing wraiths
  6 swamp worm zombies
  An anaconda simulacrum (Crypt:3)
  2 ice devils (Abyss:1)
  18 komodo dragons
  10 hellwings
  A purple draconian skeleton (Crypt:1)
  8 efreet
  A redback zombie (Crypt:2)
  A queen bee (shapeshifter) (Vaults:3)
  25 ancient zymes
  A golden dragon simulacrum (Crypt:3)
  A grey draconian skeleton (Crypt:1)
  A merfolk (shapeshifter) (Depths:2)
  12 trolls
  A troll (shapeshifter) (Depths:1)
  A white draconian skeleton (Crypt:2)
  A silent spectre (Abyss:1)
  5 hydra zombies (Swamp:4)
  2 guardian mummies
  A wind drake (shapeshifter) (Vaults:1)
  4 tengu conjurers
  28 jumping spiders
  An iron troll skeleton (Crypt:1)
  A red devil (Abyss:4)
  16 polar bears (IceCv)
  A harpy skeleton (Crypt:3)
  A wolf spider simulacrum (Crypt:1)
  30 slime creatures
  4 tyrant leeches
  22 hornets
  2 spectral swamp dragons (Swamp:4)
  6 alligator zombies (Swamp:4)
  A moth of wrath zombie (Crypt:2)
  23 blink frogs
  3 ettin zombies
  7 hippogriffs
  A snapping turtle (shapeshifter) (D:13)
  69 raiju
  9 bog bodies
  15 dream sheep
  A meliai zombie (D:14)
  2 stone giant simulacra
  An iron dragon simulacrum (Crypt:1)
  An ice dragon skeleton (Abyss:1)
  A redback (shapeshifter) (Vaults:5)
  A fire dragon zombie (Crypt:1)
  5 air elementals
  A fire giant simulacrum (Depths:2)
  11 shadows
  5 vampires
  93 redbacks
  2 spriggans (shapeshifter)
  A fire dragon skeleton (Abyss:1)
  A tarantella (shapeshifter) (Vaults:1)
  2 wyverns (shapeshifter)
  2 ettin skeletons
  3 hungry ghosts
  9 fire bats
  9 flying skulls
  A basilisk (shapeshifter) (Vaults:2)
  11 water elementals
  17 wraiths
  43 yaks
  23 tarantellas
  4 basilisks
  93 large abominations
  7 fire elementals
  2 humans (shapeshifter)
  Grum (D:7)
  9 wyverns
  23 ynoxinuls
  8 hogs
  3 golden eyes (Abyss:1)
  A yak (shapeshifter) (Abyss:4)
  19 chaos spawn
  A human (D:7)
  A steam dragon (Lair:6)
  17 vampire mosquitoes
  9 neqoxecs
  2 harpy simulacra
  25 spatial vortices
  17 swamp worms
  5 wargs
  A soldier ant (shapeshifter) (Vaults:1)
  16 insubstantial wisps
  11 soldier ants
  2 acid dragons
  90 small abominations
  17 hell hounds
  A hydra simulacrum (Crypt:3)
  12 porcupines
  A two-headed ogre skeleton (Crypt:3)
  9 water moccasins
  A porcupine (shapeshifter) (Abyss:4)
  A floating eye (shapeshifter) (Abyss:1)
  6 ice beasts
  A hornet zombie (D:14)
  A spiny frog skeleton (Abyss:1)
  An elephant zombie (Crypt:3)
  60 orc warriors
  4 swamp drakes
  An eye of draining (shapeshifter) (Depths:4)
  An ice dragon simulacrum (Crypt:3)
  2 swamp dragon zombies (Swamp:4)
  An eye of draining (D:12)
  8 phantoms (Swamp:4)
  5 sky beasts
  36 ogres
  A black bear (D:9)
  A lindwurm skeleton (Crypt:3)
  5 boggarts
  19 wolves
  2 necrophages
  A wolf (shapeshifter) (D:14)
  A centaur (shapeshifter) (Abyss:1)
  2 snapping turtle skeletons
  25 centaurs
  5 big kobolds
  13 crocodiles
  A hippogriff zombie (Crypt:1)
  15 bullfrogs
  5 earth elementals
  A wyvern zombie (D:14)
  9 scorpions
  20 killer bees
  A raiju skeleton (Crypt:2)
  A water moccasin skeleton (D:6)
  A troll skeleton (Crypt:3)
  27 wights
  7 howler monkeys
  A wolf zombie (Crypt:2)
  3 electric eels
  12 crimson imps
  13 quasits
  5 centaur zombies
  A bullfrog zombie (D:12)
  5 lava snakes (Lair:6)
  2 human simulacra (Vaults:3)
  10 jellies
  24 orc wizards
  38 orc priests
  4 centaur skeletons
  5 hounds
  15 iron imps
  A bullfrog skeleton (D:9)
  4 spectral swamp drakes (Swamp:4)
  Ijyb (D:4)
  8 iguanas
  22 worker ants
  A sky beast zombie (Crypt:2)
  An acid dragon zombie (Crypt:2)
  A hound zombie (D:7)
  2 hound skeletons
  12 mummies
  2 howler monkey zombies (D:8)
  3 worker ant zombies
  A gnoll (shapeshifter) (Depths:4)
  11 gnolls
  13 adders
  A swamp drake zombie (Swamp:4)
  4 shadow imps
  13 white imps
  A worker ant simulacrum (D:9)
  15 ufetubi
  2 oozes (D:4)
  3 adder skeletons
  An adder zombie (D:8)
  2 worms (D:3)
  A barachi skeleton (Crypt:3)
  2 dart slugs (D:1)
  6 leopard geckos
  81 orcs
  5 bats
  11 giant cockroaches
  5 goblins
  3 hobgoblins
  25 jackals
  5 quokkas
  A ball python (D:1)
  2 ball python skeletons
  5 frilled lizards
  19 kobolds
  A kobold skeleton (Crypt:3)
  3 leopard gecko skeletons
  2 leopard gecko zombies
  A quokka skeleton (D:7)
  7 rats
  24 briar patches
  2 bushes (Zot:4)
  13 fungi
  4 lurking horrors (Abyss:1)
  11 plants
  56 starspawn tentacles
  3 tentacles (Abyss:1)
3573 creatures vanquished.

Vanquished Creatures (others)
  An ancient lich (Zot:5)
  An Ice Fiend (Zot:5)
  A tentacled monstrosity (Zot:5)
  4 Orb Guardians (Zot:5)
  2 storm dragons (Zot:5)
  A draconian monk (Zot:5)
  2 frost giants
  An emperor scorpion (Spider:1)
  A ghoul (D:14)
  A very ugly thing (Abyss:1)
  A green draconian (Zot:5)
  3 entropy weavers
  A yellow draconian (Zot:2)
  2 deep elf demonologists (Elf:3)
  A purple draconian (Zot:4)
  A vault guard (D:13)
  2 hydras
  A thrashing horror (Abyss:1)
  A deep troll (Depths:3)
  An unseen horror (Vaults:1)
  A deep elf mage (Elf:3)
  A manticore (D:15)
  2 large abominations (Abyss:4)
  A guardian mummy (D:14)
  A polar bear (IceCv)
  A hornet (Swamp:4)
  A raiju (Abyss:4)
  A redback (Spider:2)
  A chaos spawn (Abyss:4)
  A swamp worm (Swamp:2)
  An insubstantial wisp (Abyss:4)
  A swamp drake (Swamp:4)
  A boggart (Depths:2)
  3 small abominations (Abyss:1)
  3 wolves (IceCv)
  A wyvern zombie (D:13)
  A jelly (D:13)
  An orc priest (Elf:1)
  An orc wizard (Vaults:4)
  5 orcs (Elf:2)
  2 briar patches (Swamp:1)
  9 fungi
  5 lurking horrors (Abyss:1)
  11 plants
  93 starspawn tentacles
  5 tentacles (Abyss:1)
  3 withered plants
186 creatures vanquished.

Grand Total: 3759 creatures vanquished

Notes
Turn   | Place    | Note
-------+----------+-------------------------------------------
     0 | Abyss:1  | anguish the Formicid Abyssal Knight began the quest for the
                  | Orb.
     0 | Abyss:1  | Reached XP level 1. HP: 18/18 MP: 2/2
    45 | Abyss:2  | Found a corrupted altar of Lugonu.
    59 | Abyss:2  | Noticed a starcursed mass
    66 | D:1      | Escaped the Abyss
   442 | D:1      | Reached XP level 2. HP: 23/25 MP: 3/3
   576 | D:1      | Reached skill level 4 in Fighting
  1022 | D:1      | Reached * piety under Lugonu
  1393 | D:2      | Reached XP level 3. HP: 27/30 MP: 4/4
  1551 | D:2      | Found an opulent altar of Gozag.
  1708 | D:2      | Reached XP level 4. HP: 23/37 MP: 5/5
  1711 | D:2      | Reached skill level 1 in Throwing
  3038 | D:3      | Reached XP level 5. HP: 38/43 MP: 6/6
  3551 | D:3      | Reached skill level 1 in Shields
  3625 | D:3      | Found a glowing golden altar of the Shining One.
  3823 | D:4      | Reached XP level 6. HP: 49/49 MP: 7/7
  3980 | D:4      | Reached ** piety under Lugonu
  4289 | D:4      | Noticed an ogre
  4305 | D:4      | Killed an ogre
  4519 | D:4      | Noticed Ijyb
  4533 | D:4      | Reached XP level 7. HP: 45/55 MP: 8/8
  4610 | D:4      | Killed Ijyb
  4719 | D:4      | Found a burning altar of Makhleb.
  5347 | D:5      | Entered Level 5 of the Dungeon
  5476 | D:5      | Gained mutation: Your spells are a little easier to cast,
                  | but a little less powerful. [potion of mutation]
  5476 | D:5      | Gained mutation: You are partially covered in slimy green
                  | scales. (AC +2) [potion of mutation]
  5476 | D:5      | Gained mutation: Your flesh is cold resistant. (rC+)
                  | [potion of mutation]
  5476 | D:5      | Gained mutation: You are agile. (Dex +2) [potion of
                  | mutation]
  5572 | D:5      | Found a stormy altar of Qazlal.
  5602 | D:5      | Reached skill level 5 in Axes
  5808 | D:5      | Reached XP level 8. HP: 43/61 MP: 9/9
  5931 | D:5      | Reached skill level 5 in Fighting
  6226 | D:5      | Found a hide-covered altar of Uskayaw.
  6305 | D:5      | Found Umec's Distillery.
  6584 | D:6      | Reached skill level 5 in Armour
  6710 | D:6      | Noticed a two-headed ogre
  6915 | D:6      | Killed a two-headed ogre
  6915 | D:6      | Reached XP level 9. HP: 33/68 MP: 10/10
  7122 | D:6      | Reached *** piety under Lugonu
  7390 | D:7      | Reached skill level 5 in Throwing
  7739 | D:7      | Noticed Joseph
  7762 | D:7      | Killed Joseph
  7762 | D:7      | Reached skill level 6 in Fighting
  7762 | D:7      | Reached XP level 10. HP: 42/76 MP: 11/11
  8074 | D:7      | Reached skill level 5 in Shields
  8156 | D:7      | Found a staircase to the Ecumenical Temple.
  8772 | D:8      | Noticed Grum
  8829 | D:7      | Killed Grum
  9357 | D:8      | Noticed Maggie
  9382 | D:8      | Killed Maggie
  9648 | D:8      | Noticed funkygono's ghost (novice DrFE)
  9649 | D:8      | Found a transporter.
  9649 | D:8      | Identified the +10 dire flail "Liynuvuq" {vorpal, +Fly
                  | Str+2 Dex-2}
  9649 | D:8      | Identified the cursed +3 dire flail of Overwhelming Force
                  | {drain, rF+ rN+}
  9649 | D:8      | Noticed a two-headed ogre
  9653 | D:8      | Found a transporter.
  9664 | D:8      | Found a shattered altar of Ashenzari.
  9710 | D:8      | Found a staircase to the Lair.
  9754 | D:8      | You fall into a shaft and drop 2 floors!
  9754 | D:10     | Entered Level 10 of the Dungeon
  9778 | D:10     | You fall into a shaft and drop 2 floors!
  9796 | D:12     | Noticed a cyclops
  9803 | D:12     | You fall into a shaft and drop 2 floors!
  9803 | D:14     | Noticed a red ugly thing
  9803 | D:14     | Noticed a red ugly thing
  9803 | D:14     | Noticed a red ugly thing
  9805 | D:14     | HP: 2/77 [red ugly thing (12)]
  9806 | D:14     | You fall into a shaft and drop 1 floor!
  9806 | D:15     | Entered Level 15 of the Dungeon
 10208 | D:13     | Found Ussa's Jewellery Shoppe.
 10227 | D:12     | Noticed a two-headed ogre
 10241 | D:12     | Killed a two-headed ogre
 10241 | D:12     | Reached skill level 5 in Invocations
 10241 | D:12     | Reached XP level 11. HP: 43/83 MP: 11/14
 10491 | D:12     | Noticed Nergalle
 10498 | D:12     | You fall into a shaft and drop 3 floors!
 10734 | D:14     | Noticed a cyclops
 10763 | D:14     | Killed a cyclops
 10962 | D:14     | Noticed a ghoul
 10962 | D:14     | Noticed Agnes
 10969 | D:14     | You fall into a shaft and drop 1 floor!
 11169 | D:12     | You fall into a shaft and drop 3 floors!
 11270 | D:15     | Noticed a manticore
 11279 | D:15     | Banished a manticore
 11466 | D:15     | Noticed an unseen horror
 11488 | D:15     | Killed an unseen horror
 11659 | D:15     | Noticed a five-headed hydra
 11677 | D:15     | Banished a five-headed hydra
 11677 | D:15     | Reached skill level 7 in Fighting
 11690 | D:15     | Reached skill level 10 in Axes
 12036 | D:15     | Noticed a centaur warrior
 12065 | D:15     | Killed a centaur warrior
 12359 | D:14     | Noticed a ghoul
 12367 | D:14     | Banished a ghoul
 12367 | D:14     | Reached skill level 10 in Invocations
 12499 | D:14     | Killed a red ugly thing
 12650 | D:14     | Banished a ghoul
 12650 | D:14     | Reached XP level 12. HP: 91/91 MP: 10/19
 13621 | D:13     | Reached skill level 10 in Armour
 13665 | D:13     | Noticed a vault guard
 13739 | D:13     | Reached skill level 8 in Fighting
 13993 | D:13     | Killed a vault guard
 14098 | D:13     | Noticed a centaur warrior
 14098 | D:13     | Noticed a vault guard
 14113 | D:13     | Noticed a six-headed hydra
 14160 | D:13     | Killed a vault guard
 14170 | D:13     | Killed a centaur warrior
 14171 | D:13     | Banished a six-headed hydra
 14459 | D:13     | Found a gate to the Vaults.
 14679 | D:13     | Noticed a vault guard
 14691 | D:13     | Noticed an unseen horror
 14719 | D:13     | Killed an unseen horror
 14721 | D:13     | Banished a vault guard
 15091 | D:13     | Noticed an unseen horror
 15133 | D:13     | Killed an unseen horror
 15458 | D:13     | Reached **** piety under Lugonu
 15625 | D:13     | Reached XP level 13. HP: 85/99 MP: 21/21
 15785 | D:12     | Banished Nergalle
 16258 | D:12     | Noticed a centaur warrior
 16271 | D:12     | Killed a centaur warrior
 16715 | D:12     | Noticed Kirke
 16717 | D:12     | Banished Kirke
 16717 | D:12     | Reached skill level 9 in Fighting
 18073 | D:9      | Found Satieqom's Assorted Antiques.
 18220 | D:9      | You fall into a shaft and drop 2 floors!
 18274 | D:11     | HP: 5/101 [komodo dragon (10)]
 19043 | D:10     | Reached ***** piety under Lugonu
 19080 | D:9      | Found a hazy altar of Hepliaklqana.
 19483 | D:8      | Noticed Psyche
 19493 | D:8      | Killed Psyche
 19840 | D:8      | Found a shadowy altar of Dithmenos.
 19841 | D:8      | Found an iron altar of Okawaru.
 20003 | Lair:1   | Entered Level 1 of the Lair of Beasts
 20146 | Lair:1   | Identified a scroll of acquirement
 20146 | Lair:1   | Acquired the +10 executioner's axe of Viox {freeze, rC-
                  | rN+++ Int+3 SInv}
 21039 | Lair:2   | Noticed a six-headed hydra
 21056 | Lair:2   | Killed a one-headed hydra
 21056 | Lair:2   | Reached XP level 14. HP: 97/108 MP: 23/23
 22030 | Lair:2   | Found a staircase to the Swamp.
 22436 | Lair:3   | Found a frozen archway.
 22464 | IceCv    | Entered an ice cave
 23237 | IceCv    | Got a fine plate armour
 23248 | IceCv    | Identified the cursed +1 plate armour "Nerhaigh" {-Tele
                  | rElec rPois Str+3} (You found it in an ice cave)
 23667 | IceCv    | Reached skill level 15 in Axes
 23773 | IceCv    | Noticed a frost giant
 23776 | IceCv    | Banished a frost giant
 25223 | Lair:4   | Reached XP level 15. HP: 78/114 MP: 24/24
 25454 | Lair:4   | Found a hole to the Spider Nest.
 26595 | Lair:5   | Found a sacrificial altar of Ru.
 26623 | Lair:5   | You fall into a shaft and drop 1 floor!
 26623 | Lair:6   | Entered Level 6 of the Lair of Beasts
 26626 | Lair:6   | Reached skill level 15 in Armour
 27431 | Lair:5   | Reached ****** piety under Lugonu
 28102 | Lair:6   | Reached skill level 10 in Fighting
 28409 | Lair:6   | Found a large runed translucent door.
 28409 | Lair:6   | Found a large runed translucent door.
 29269 | Lair:6   | Found a staircase to the Slime Pits.
 30398 | D:11     | Found a staircase to the Orcish Mines.
 30564 | Orc:1    | Entered Level 1 of the Orcish Mines
 30872 | Orc:1    | Found a roughly hewn altar of Beogh.
 30968 | Orc:2    | Entered Level 2 of the Orcish Mines
 31128 | Orc:2    | Reached XP level 16. HP: 122/122 MP: 26/26
 32299 | Orc:2    | Found Gaoxkeng's General Store.
 32302 | Orc:2    | Found Relarphua's Antique Armour Shop.
 32303 | Orc:2    | Found Bykymuuf's Gadget Boutique.
 32304 | Orc:2    | Found Xeuko's Armour Boutique.
 32311 | Orc:2    | Bought a scroll of brand weapon for 220 gold pieces
 32361 | Orc:2    | Found a staircase to the Elven Halls.
 32803 | Orc:1    | Noticed Josephine
 32812 | Orc:1    | Killed Josephine
 33119 | Spider:1 | Entered Level 1 of the Spider Nest
 35321 | Spider:2 | Reached skill level 11 in Fighting
 35935 | Spider:2 | Reached XP level 17. HP: 131/131 MP: 27/27
 38132 | Spider:3 | Identified Roxanne's Almanac of Stones
 38132 | Spider:3 | Noticed Roxanne
 38464 | Spider:3 | Reached skill level 10 in Shields
 39552 | Spider:4 | Entered Level 4 of the Spider Nest
 39595 | Spider:4 | Reached skill level 15 in Invocations
 41620 | Spider:4 | Reached XP level 18. HP: 138/138 MP: 29/29
 42612 | Spider:4 | Got a gossamer rune of Zot
 43172 | D:13     | Noticed Azrael
 43186 | D:13     | Killed Azrael
 43687 | D:12     | Noticed Gastronok
 43694 | D:12     | Killed Gastronok
 44015 | D:14     | Killed Agnes
 44576 | D:14     | Noticed Jorgrun
 44586 | D:14     | Killed Jorgrun
 44588 | D:14     | Reached skill level 12 in Fighting
 44960 | D:14     | Noticed Nessos
 44965 | D:14     | Killed Nessos
 45154 | D:15     | Found a staircase to the Depths.
 45708 | Vaults:1 | Entered Level 1 of the Vaults
 46401 | Vaults:1 | Reached XP level 19. HP: 101/147 MP: 31/31
 47697 | Vaults:1 | Acquired the +3 crystal plate armour of an ossuary {rF+ MR+
                  | Int+3}
 47907 | Vaults:2 | Reached skill level 13 in Fighting
 48785 | Vaults:2 | Found a staircase to the Crypt.
 48785 | Vaults:2 | Found a basalt altar of Yredelemnul.
 48786 | Vaults:2 | Found an ancient bone altar of Kikubaaqudgha.
 48934 | Vaults:2 | Noticed Sojobo
 48939 | Vaults:2 | Noticed Frederick
 48955 | Abyss:1  | Killed Nergalle
 49297 | Vaults:2 | Escaped the Abyss
 49300 | Vaults:2 | You fall into a shaft and drop 1 floor!
 50325 | Vaults:3 | Reached XP level 20. HP: 150/158 MP: 32/32
 50347 | Vaults:3 | Reached skill level 14 in Fighting
 51697 | Vaults:3 | Found Tonkepohoc's Distillery.
 51705 | Vaults:3 | Bought a potion of heal wounds for 55 gold pieces
 51705 | Vaults:3 | Bought a potion of curing for 33 gold pieces
 52808 | Vaults:4 | Reached skill level 15 in Fighting
 53377 | Vaults:4 | Reached XP level 21. HP: 115/168 MP: 33/33
 55195 | Elf:1    | Entered Level 1 of the Elven Halls
 55615 | Elf:1    | Reached skill level 16 in Fighting
 56651 | Elf:1    | Found a roughly hewn altar of Beogh.
 57368 | Elf:2    | Found a runed translucent gate.
 57368 | Elf:2    | Found a runed translucent gate.
 57368 | Elf:2    | Found a runed translucent gate.
 58228 | Elf:2    | Reached XP level 22. HP: 180/180 MP: 34/34
 58404 | Elf:2    | You fall into a shaft and drop 1 floor!
 58404 | Elf:3    | Entered Level 3 of the Elven Halls
 59652 | Elf:3    | Found Nuetip's Armour Shop.
 59684 | Elf:3    | Reached skill level 17 in Fighting
 59686 | Elf:3    | Identified a +9 battleaxe of distortion (a +9 vorpal
                  | battleaxe corrupted by Lugonu)
 59686 | Elf:3    | Received a gift from Lugonu
 59815 | Elf:3    | Identified the +6 dagger "Yfaoc" {flame, rN+ Str+2}
 60939 | Elf:3    | Noticed Bai Suzhen
 60985 | Elf:3    | Killed Bai Suzhen
 61304 | Elf:3    | Identified the ring of Bifure {*Tele rF- rC+ Str+2}
 61358 | Elf:3    | Identified the +8 mace of Jomu {vorpal, rF+ rC+ SInv}
 61651 | Elf:3    | Identified the amulet of Xom's Whimsicality {Spirit Str+2}
 61865 | Elf:3    | Identified the +8 short sword of the Vanishing Bounties
                  | {antimagic, Stlth+}
 62416 | Elf:3    | Learned a level 2 spell: Passwall
 62431 | Elf:3    | Identified the cursed +1 fustibalus "Yreat" {speed, rC+++
                  | Str-5 Int-5 Dex+8} (You found it on level 3 of the Elven
                  | Halls)
 62813 | Crypt:1  | Entered Level 1 of the Crypt
 63146 | Crypt:1  | Reached skill level 18 in Fighting
 63206 | Crypt:1  | Reached XP level 23. HP: 173/190 MP: 31/35
 64667 | Crypt:3  | Entered Level 3 of the Crypt
 66228 | Crypt:3  | Found a staircase to the Tomb.
 66457 | Crypt:3  | Found an ancient bone altar of Kikubaaqudgha.
 66457 | Crypt:3  | Noticed a profane servitor
 66474 | Crypt:3  | Killed a profane servitor
 66474 | Crypt:3  | Reached skill level 19 in Fighting
 66485 | Crypt:3  | Found a basalt altar of Yredelemnul.
 66485 | Crypt:3  | Noticed a profane servitor
 66500 | Crypt:3  | Killed a profane servitor
 66752 | Crypt:3  | Identified the +0 pair of boots of Grace {Dex+3} (You found
                  | it on level 3 of the Crypt)
 66929 | Crypt:2  | Reached XP level 24. HP: 193/201 MP: 35/35
 67250 | Orc:2    | Bought a scroll of enchant armour for 82 gold pieces
 67907 | Vaults:2 | Banished Sojobo
 68168 | Vaults:2 | Killed Frederick
 69070 | Swamp:1  | Entered Level 1 of the Swamp
 69907 | Swamp:2  | Noticed Frances
 69921 | Swamp:2  | Killed Frances
 69921 | Swamp:2  | Reached skill level 15 in Shields
 70114 | Swamp:2  | Reached skill level 1 in Transmutations
 70305 | Swamp:2  | Reached skill level 1 in Earth Magic
 70342 | Swamp:2  | Identified the +2 scythe "Cinaet" {vorpal, MR+} (You found
                  | it on level 2 of the Swamp)
 70345 | Swamp:2  | Reached skill level 1 in Spellcasting
 71249 | Swamp:3  | Found a large runed translucent door.
 71250 | Swamp:3  | Found a large runed translucent door.
 71678 | Swamp:3  | Noticed xccam's ghost (adept OpAs)
 71797 | Swamp:3  | Identified a +2 pair of boots of running (You found it on
                  | level 3 of the Swamp)
 71813 | Swamp:4  | Entered Level 4 of the Swamp
 72121 | Swamp:4  | Identified the +1 scale mail of Twilight {rF+} (You found
                  | it on level 4 of the Swamp)
 72242 | Swamp:4  | Identified the +4 plate armour of Lugonu's Wrath {rElec
                  | rPois rN+ Stlth+} (You found it on level 4 of the Swamp)
 73462 | Swamp:4  | Got a decaying rune of Zot
 74060 | Depths:1 | Entered Level 1 of the Depths
 74367 | Depths:1 | Found Neaf's Weapon Shop.
 74943 | Vaults:3 | Bought a potion of mutation for 88 gold pieces
 74943 | Vaults:3 | Bought a potion of might for 44 gold pieces
 74943 | Vaults:3 | Bought a potion of magic for 88 gold pieces
 75201 | D:5      | Bought a potion of brilliance for 40 gold pieces
 75201 | D:5      | Bought a potion of invisibility for 80 gold pieces
 75201 | D:5      | Bought a potion of curing for 30 gold pieces
 75201 | D:5      | Bought 2 potions of brilliance for 80 gold pieces
 75201 | D:5      | Bought a potion of curing for 30 gold pieces
 75201 | D:5      | Bought a potion of resistance for 100 gold pieces
 75201 | D:5      | Bought a potion of mutation for 80 gold pieces
 75201 | D:5      | Bought 2 potions of cancellation for 160 gold pieces
 75316 | D:9      | Bought 2 potions of heal wounds for 270 gold pieces
 75316 | D:9      | Bought a glowing papyrus book for 405 gold pieces
 75588 | Depths:1 | Reached XP level 25. HP: 166/202 MP: 35/35
 75911 | Depths:1 | Found a gateway to Hell.
 75940 | Depths:1 | Reached skill level 20 in Fighting
 76253 | Depths:1 | Identified the +4 hunting sling "Dragonbane" {flame, Int+4}
                  | (You found it on level 1 of the Depths)
 76901 | Depths:2 | Reached skill level 5 in Earth Magic
 77383 | Depths:2 | Got a smoking battleaxe
 77385 | Depths:2 | Identified the +6 battleaxe of Zotwyl {vorpal, rPois Str+3}
                  | (You found it on level 2 of the Depths)
 77387 | Depths:2 | Identified the Compendium of Transmutation
 77398 | Depths:2 | Reached skill level 5 in Transmutations
 77613 | Depths:2 | Found a gateway to a bazaar.
 77628 | Bazaar   | Entered a bazaar
 77628 | Bazaar   | Found Gugof's General Store.
 77628 | Bazaar   | Found Wuonydgh's Antique Weapon Shop.
 77674 | Bazaar   | Bought a scroll of brand weapon for 180 gold pieces
 77702 | Bazaar   | Found Uzxetulu's Antique Armour Shop.
 77710 | Bazaar   | Bought a pair of shimmering gloves for 104 gold pieces
 77710 | Bazaar   | Identified the cursed +0 pair of gloves of Understanding
                  | {rC+ rN+ MR+ Dex+3} (You bought it in a shop in a bazaar)
 78046 | Depths:2 | Found Ekhlihass's Gadget Shop.
 78046 | Depths:2 | Found Rolezome's Jewellery Emporium.
 78047 | Depths:2 | Found Ilumouj's Gadget Shop.
 78065 | Depths:2 | Bought a wand of clouds (6) for 300 gold pieces
 78260 | Depths:3 | Reached skill level 5 in Spellcasting
 78264 | Depths:3 | Noticed a juggernaut
 78292 | Depths:3 | Killed a juggernaut
 78301 | Depths:3 | Reached XP level 26. HP: 99/212 MP: 35/35
 78605 | Depths:3 | Identified the +1 ring mail "Reh Nim" {+Blink} (You found
                  | it on level 3 of the Depths)
 79072 | Depths:2 | Bought the ring of Secrets {Fire Int+4} for 808 gold pieces
 79185 | Depths:3 | Reached skill level 21 in Fighting
 79756 | Depths:3 | Found a one-way gate leading to the halls of Pandemonium.
 82066 | Depths:4 | Found a one-way gate to the infinite horrors of the Abyss.
 82472 | Depths:5 | Entered Level 5 of the Depths
 82508 | Depths:5 | Reached XP level 27. HP: 217/223 MP: 35/35
 82527 | Depths:5 | Reached skill level 22 in Fighting
 82554 | Depths:5 | Identified the +2 battleaxe of Sulphur {venom, rPois Int-3
                  | Dex+3} (You found it on level 5 of the Depths)
 82784 | Depths:5 | Found a gateway to a ziggurat.
 82938 | Depths:5 | Found a gate to the Realm of Zot.
 83310 | Depths:5 | Found the +8 Wrath of Trog {antimagic, *Rage}
 84185 | Vaults:5 | Entered Level 5 of the Vaults
 84193 | Vaults:5 | Reached skill level 1 in Evocations
 84513 | Vaults:5 | Reached skill level 23 in Fighting
 84813 | Vaults:5 | Identified the ring of Cotyijym {MP+9 Str+4 Stlth-}
 85217 | Vaults:5 | Reached skill level 5 in Evocations
 85318 | Vaults:5 | Got a silver rune of Zot
 85445 | Vaults:5 | Got a crude diamond amulet
 85447 | Vaults:5 | Found Zaes's Gadget Shop.
 85448 | Vaults:5 | Identified the amulet "Taraiz" {rF+ MR+ Regen+ Slay+3} (You
                  | found it on level 5 of the Vaults)
 85450 | Vaults:5 | Identified the cursed +2 longbow of the Witching Spider
                  | {speed, rC+ Int+3}
 85510 | Vaults:5 | Bought a box of beasts for 420 gold pieces
 85510 | Vaults:5 | Bought a phantom mirror for 630 gold pieces
 85510 | Vaults:5 | Bought a box of beasts for 420 gold pieces
 85529 | Vaults:5 | Identified the Collected Works on Transmigration
 85691 | Vaults:5 | Identified the +7 chain mail "Emumorchid" {rPois Str-5
                  | Int+4 Dex+6} (You found it on level 5 of the Vaults)
 85753 | Vaults:5 | Identified A Primer on Sorcery
 87410 | Zot:1    | Entered Level 1 of the Realm of Zot
 87860 | Zot:1    | Reached skill level 24 in Fighting
 88166 | Zot:1    | Noticed an orb of fire
 88197 | Zot:1    | Killed an orb of fire
 88324 | Zot:1    | Acquired the +3 pair of gauntlets of War {Slay+5}
 88325 | Zot:1    | Found the +3 pair of gauntlets of War {Slay+5}
 88842 | Zot:2    | Identified the cursed +0 fire dragon scales of Plog {rF++
                  | rC- Slay+2} (You found it on level 2 of the Realm of Zot)
 89198 | Zot:2    | Noticed a Killer Klown
 89220 | Zot:2    | Killed a Killer Klown
 89587 | Zot:2    | Reached skill level 25 in Fighting
 89974 | Zot:3    | Found a runed translucent door.
 89975 | Zot:3    | Noticed Jofris Vesimp's ghost (legendary GnFE)
 90270 | Zot:3    | Reached skill level 1 in Dodging
 91285 | Zot:4    | Reached skill level 26 in Fighting
 91825 | Zot:5    | Entered Level 5 of the Realm of Zot
 92668 | Zot:5    | Corrupted Zot:5
 92672 | Zot:5    | Noticed an ancient lich
 92678 | Zot:5    | Killed an ancient lich
 92723 | Zot:5    | Noticed an orb of fire
 92724 | Zot:5    | Noticed an orb of fire
 92727 | Zot:5    | Reached skill level 5 in Dodging
 92728 | Zot:5    | Noticed an orb of fire
 92734 | Zot:5    | Noticed a Killer Klown
 92736 | Zot:5    | Noticed an orb of fire
 92737 | Zot:5    | Noticed an orb of fire
 92737 | Zot:5    | Killed an orb of fire
 92739 | Zot:5    | Noticed an orb of fire
 92742 | Zot:5    | Killed an orb of fire
 92749 | Zot:5    | Reached skill level 27 in Fighting
 92751 | Zot:5    | Noticed a Killer Klown
 92751 | Zot:5    | Gained mutation: You are dopey. (Int -2) [an orb of fire]
 92751 | Zot:5    | Gained mutation: You occasionally shout uncontrollably at
                  | your foes. [an orb of fire]
 92755 | Zot:5    | Gained mutation: You are very dopey. (Int -4) [an orb of
                  | fire]
 92756 | Zot:5    | Lost mutation: You are agile. (Dex +2) [an orb of fire]
 92757 | Zot:5    | Gained mutation: You possess an exceptional clarity of
                  | mind. [an orb of fire]
 92757 | Zot:5    | Gained mutation: Your spells are easier to cast, but less
                  | powerful. [an orb of fire]
 92773 | Abyss:1  | Killed Kirke
 93944 | Abyss:1  | Reached skill level 10 in Dodging
 93948 | Abyss:1  | Gained mutation: Your body sometimes deteriorates upon
                  | taking damage. [a neqoxec]
 93957 | Abyss:1  | Gained mutation: Your body often deteriorates upon taking
                  | damage. [a neqoxec]
 94073 | Abyss:1  | Gained mutation: [You are frail. (-10% HP)] [a neqoxec]
 94157 | Zot:5    | Escaped the Abyss
 94334 | Abyss:1  | Lost mutation: You are very dopey. (Int -4) [potion of
                  | mutation]
 94334 | Abyss:1  | Lost mutation: Your spells are easier to cast, but less
                  | powerful. [potion of mutation]
 94334 | Abyss:1  | Lost mutation: Your spells are a little easier to cast, but
                  | a little less powerful. [potion of mutation]
 94334 | Abyss:1  | Gained mutation: You are weak. (Str -2) [potion of
                  | mutation]
 94334 | Abyss:1  | Lost mutation: You are dopey. (Int -2) [potion of mutation]
 94335 | Abyss:1  | Lost mutation: [You are frail. (-10% HP)] [potion of
                  | mutation]
 94335 | Abyss:1  | Lost mutation: Your body often deteriorates upon taking
                  | damage. [potion of mutation]
 94335 | Abyss:1  | Lost mutation: You are partially covered in slimy green
                  | scales. (AC +2) [potion of mutation]
 94335 | Abyss:1  | Lost mutation: You occasionally shout uncontrollably at
                  | your foes. [potion of mutation]
 94335 | Abyss:1  | Gained mutation: You expend magic power (3 MP) to
                  | strengthen your wands. [potion of mutation]
 94335 | Abyss:1  | Gained mutation: Your spells are a little harder to cast,
                  | but a little more powerful. [potion of mutation]
 94335 | Abyss:1  | Gained mutation: Your mind is acute. (Int +2) [potion of
                  | mutation]
 94374 | Abyss:1  | Killed Sojobo
 94374 | Abyss:1  | Reached skill level 10 in Throwing
 94408 | Abyss:1  | Learned a level 6 spell: Dispersal
 94411 | Abyss:1  | Learned a level 2 spell: Shroud of Golubria
 94461 | Abyss:1  | Reached skill level 1 in Translocations
 94777 | Abyss:1  | Reached skill level 5 in Translocations
 95116 | Abyss:1  | Found a corrupted altar of Lugonu.
 95221 | Abyss:1  | Learned a level 8 spell: Disjunction
 95227 | Abyss:1  | Learned a level 5 spell: Irradiate
 96158 | Abyss:1  | Reached skill level 10 in Translocations
 96529 | Abyss:1  | Found a corrupted altar of Lugonu.
 97072 | Abyss:1  | Found a corrupted altar of Lugonu.
 98401 | Abyss:1  | Found a corrupted altar of Lugonu.
 98699 | Abyss:1  | Found a corrupted altar of Lugonu.
 99113 | Abyss:1  | Found a corrupted altar of Lugonu.
 99279 | Abyss:1  | Identified the +7 chain mail of Imperfection {*Corrode +Inv
                  | rPois rF+++}
 99287 | Abyss:1  | Found a corrupted altar of Lugonu.
 99355 | Abyss:1  | Found a shimmering altar of Xom.
 99622 | Abyss:1  | Lost mutation: Your spells are a little harder to cast, but
                  | a little more powerful. [a shining eye]
 99909 | Abyss:1  | Reached skill level 10 in Spellcasting
100005 | Abyss:1  | Reached skill level 15 in Translocations
100492 | Abyss:2  | Found a corrupted altar of Lugonu.
101400 | Abyss:3  | Found a corrupted altar of Lugonu.
101487 | Abyss:4  | Found a corrupted altar of Lugonu.
101571 | Abyss:4  | Found a corrupted altar of Lugonu.
101648 | Abyss:4  | Noticed an ancient lich
101668 | Abyss:4  | Killed an ancient lich
101913 | Abyss:4  | Got an abyssal rune of Zot
102394 | Abyss:4  | Killed from afar by a raiju

Illustrated notes

Levels and vault maps discovered:
D:1:      dpeg_arrival_three_smaller_balls, layout_basic,
          chequers_serial_rivers_small_a
D:2:      layout_basic, first_ration, grunt_gozag_statues
D:3:      layout_loops_cross, tso_altar, chequers_jeans, minivault_25,
          kennysheep_another_room, hangedman_decor_points
D:4:      layout_basic, kennysheep_little_box, uniq_ijyb
D:5:      layout_gridville, kennysheep_mini_moat, grunt_qazlal_sundering,
          serial_shops, shop
D:6:      layout_rooms
D:7:      layout_loops_corners, minmay_temple_entry_glassed_door,
          grunt_livestock, minmay_manual_monolith, uniq_joseph
D:8:      layout_basic, gammafunk_temple_overflow_pools, lair_entry_dummy,
          gammafunk_ghost_smash, nicolae_ashenzari_panopticon, uniq_grum,
          uniq_maggie, uniq_psyche
D:9:      layout_rooms, lemuel_crystal_altar, serial_shops,
          nicolae_shop_overgrown_old_shop, minmay_fractal_squares_gapless_7
D:10:     layout_rooms
D:11:     layout_loops_ring, orc_0_dummy
D:12:     layout_loops_ring, uniq_kirke, uniq_gastronok, uniq_nergalle
D:13:     layout_long_grid, lightli_vaults_fourway_checkpoint, serial_shops,
          nicolae_shop_statue_plus, hangedman_decor_peaks_small, uniq_azrael
D:14:     layout_irregular_city, serial_undead, serial_undead_e,
          serial_undead_f, serial_undead_f, serial_undead_c, abandoned_shop,
          serial_bayou_crossing, uniq_jorgrun, uniq_nessos, uniq_agnes
D:15:     grunt_enter_depths_snipers, layout_basic, nrook_mini_vaults
Lair:1:   layout_regular_city, beast_lair_carwin_1, grunt_megastairs_2
Lair:2:   layout_hall_layers, swamp_mist_pool
Lair:3:   layout_regular_city, portal_ice_cave_entry_pillars_1
Lair:4:   layout_loops_ring, spider_nest_entry_a, serial_bayou_lagoon_a,
          chequers_serial_rivers_micro_c, lemuel_fruit_tree, grunt_megastairs_4
Lair:5:   layout_cave_pods, basic_altar, minivault_26, minmay_lair_oklob_chamber
Lair:6:   cheibrodos_lair_end_hotspot, layout_layer_cave,
          dpeg_slime_entry_corner
Swamp:1:  layout_basic_swamp, evilmike_swamp_ruin_house_1
Swamp:2:  layout_falls_marsh, evilmike_swamp_ruin_house_6, swamp_pool2,
          infiniplex_staircase_pool, uniq_frances
Swamp:3:  layout_falls_marsh, ebering_ghost_disaster_area,
          hangedman_swamp_ruin_wall
Swamp:4:  swamp_pestilence, layout_basic_swamp, hangedman_swamp_lotus,
          swamp_pool4
Spider:1: layout_spider_delve, minmay_another_anthill
Spider:2: nicolae_spider_corner
Spider:3: spiders_nest_scorpion_pit, nicolae_spider_cling_ruins, uniq_roxanne
Spider:4: grunt_spider_rune_circles
Orc:1:    layout_caves, lemuel_statue_altar, uniq_josephine
Orc:2:    st_orc_pillars, layout_caves
Elf:1:    minmay_elf_arrival_circle, layout_loops_ring, special_room
          [special_room_orc], st_stairs_8, chequers_big_river, abandoned_shop
Elf:2:    layout_onion_city
Elf:3:    minmay_elf_hall_curves, layout_geoelf_castle, serial_shops, shop,
          uniq_bai_suzhen
Vaults:1: v_misc_1, nicolae_vaults_c_with_doors, vaults_standard_mumra_x,
          hangedman_vaults_maws, nicolae_vaults_diagonal_hallway_8,
          ontoclasm_vaults_loading_screen, v_rooms_5, nicolae_vaults_rhombus_7,
          grunt_vaults_twisty, nicolae_vaults_stairing_the_circle,
          vaults_dpeg_diagonal, ontoclasm_vaults_gateway, layout_vaults_ring
Vaults:2: ontoclasm_vaults_spin, vaults_dpeg_doors, v_misc_23, sword_in_stone,
          nicolae_vaults_disjoint_gnomons, vaults_mumra_minichess,
          vaults_room_hallway, minmay_crypt_entry_necro_gods, v_misc_15,
          vaults_dpeg_hooks, ontoclasm_vaults_shuriken, layout_vaults_big_room
Vaults:3: nicolae_vaults_rhombus_5, vaults_dpeg_encased_lava,
          nicolae_vaults_network_barrier, hangedman_vaults_nails,
          vaults_mumra_hex, dpeg_vaults_monster_row, vaults_room_pool,
          vaults_room_semicircle, nicolae_vaults_gold_heap, v_misc_30,
          layout_vaults_omnigrid, serial_shops, shop
Vaults:4: hangedman_vaults_slither, hangedman_vaults_maws,
          nicolae_vaults_what_the_h, nicolae_vaults_shelves_hall, st_cross,
          ontoclasm_vaults_ligature, vaults_room_fancy_cross,
          nicolae_vaults_little_squares_1, ontoclasm_vaults_idyll,
          hangedman_vaults_impose, hangedman_vaults_cutoff,
          vaults_room_stairs_pillars, v_misc_27, layout_vaults_omnibox
Vaults:5
Crypt:1:  layout_rooms, minmay_misc_feat_alley
Crypt:2:  layout_regular_city
Crypt:3:  lightli_unholy_cathedral, layout_chaotic_city,
          nicolae_tomb_entry_unfolded_pyramid_orthogonal
Depths:1: layout_cave_shapes, hangedman_decor_riveting, grunt_metal_band,
          serial_shops, nicolae_shop_trees, kennysheep_two_boxes
Depths:2: minmay_the_grid_octo_triangle [minmay_the_grid_octo_focus,
          minmay_the_grid_octo_prize_single_spiral,
          minmay_the_grid_octo_checkered], layout_gridlike, abandoned_shop,
          hell_entry, serial_shops, statue_bzr, minmay_shop_grove,
          infiniplex_staircase_zigzag_2
Depths:3: minmay_bloctagon, layout_basic, hell_entry, grunt_pan_entry_zigzag,
          serial_bayou_pond_b, minivault_16
Depths:4: hangedman_crystal_crosses_colossus [crystal_crosses_arms_four,
          crystal_crosses_arms_four, crystal_crosses_arms_two,
          crystal_crosses_arms_one], hell_entry, abyss_entry, serial_shops,
          pan_entry
Depths:5: grunt_zot_entry_tricorne, layout_long_grid, enter_ziggurat_e,
          grunt_hell_entry_dis_mu, serial_bayou_ford_a, minmay_misc_feat_tower,
          minmay_guarded_unrand_wrath_of_trog
Zot:1:    layout_cathedral_of_symmetry, grunt_ministairs_4
Zot:2:    layout_onion, st_large_dragon_hoard_1
Zot:3:    layout_misc_corridors, gammafunk_ghost_grave
Zot:4:    grunt_zot_stairs_overgrown, layout_concentric_octagons,
          grunt_megastairs_3
Zot:5:    layout_misc_corridors
Abyss:4:  base: Vaults:1, evilmike_abyss_exit_13,
          due_evilmike_abyss_rune_seething_liches,
          due_evilmike_abyss_rune_seething_liches

Skill      XL: |  1  2  3  4  5  6  7  8  9 10 11 12 13 14 15 16 17 18 19 20 21 22 23 24 25 26 27 |
---------------+----------------------------------------------------------------------------------+-----
Fighting       | 4 5 6 7 8 9 10 11 12 13 15 16 18 19 20 21 27 | 27.0
Throwing       | 1 2 3 4 5 6 7 8 9 10 | 10.2
Axes           | 3 4 5 7 8 9 10 11 13 15 16 17 18 19 20 21 22 23 24 25 26 | 26.0
Shields        | 1 2 4 6 8 9 10 11 12 13 14 15 | 15.0
Armour         | 3 4 5 6 8 9 12 14 15 16 17 18 19 20 21 23 | 23.0
Invocations    | 5 10 11 12 13 14 15 16 18 | 18.3
Transmutations | 3 5 6 |  6.0
Earth Magic    | 3 6 |  6.0
Spellcasting   | 3 5 14 | 14.3
Evocations     | 8 |  8.0
Dodging        | 11 | 11.0
Translocations | 17 | 17.4
Stealth        | |  0.8

Action                   |  1- 3 |  4- 6 |  7- 9 | 10-12 | 13-15 | 16-18 | 19-21 | 22-24 | 25-27 || total
-------------------------+-------+-------+-------+-------+-------+-------+-------+-------+-------++-------
Melee: Hand axe          |    85 |   238 |   359 |   876 |   619 |       |       |       |       ||  2177
       Battleaxe         |       |       |       |       |    84 |       |   101 |   101 |   873 ||  1159
       Executioner's axe |       |       |       |       |   594 |  1018 |   990 |  1402 |  3112 ||  7116
       War axe           |       |       |       |       |       |       |       |    35 |       ||    35
Throw: Dart              |    17 |    41 |    64 |    10 |    12 |   118 |       |       |       ||   262
       Boomerang         |       |       |    17 |    66 |   196 |    24 |    12 |     4 |       ||   319
       Javelin           |       |       |       |       |       |       |    14 |     6 |    10 ||    30
Invok: Depart the Abyss  |     1 |       |       |       |       |       |     1 |       |       ||     2
       Banish            |       |       |       |    10 |     6 |     9 |     1 |       |       ||    26
       Bend Space        |       |       |       |       |     1 |       |     2 |       |     5 ||     8
       Enter the Abyss   |       |       |       |       |       |       |     1 |       |     2 ||     3
       Brand Weapon With |       |       |       |       |       |       |       |     1 |       ||     1
       Corrupt           |       |       |       |       |       |       |       |       |     1 ||     1
 Abil: Shaft Self        |       |       |       |     7 |     1 |       |     1 |     1 |       ||    10
       Dig               |       |       |       |     3 |     3 |     1 |       |       |     4 ||    11
Evoke: Wand              |       |       |       |       |       |     3 |       |       |     3 ||     6
       Box of beasts     |       |       |       |       |       |       |       |       |     5 ||     5
  Use: Scroll            |       |     7 |    12 |     2 |    11 |    14 |     5 |    21 |    29 ||   101
       Potion            |       |       |     2 |     4 |     2 |     4 |     2 |     2 |    36 ||    52
 Stab: Invisible         |       |       |       |     1 |       |       |       |       |       ||     1
       Paralysed         |       |       |       |       |       |     1 |       |       |     5 ||     6
       Distracted        |       |       |       |       |       |       |       |       |     5 ||     5
       Sleeping          |       |       |       |       |       |       |       |       |     2 ||     2
  Eat: Chunk             |     2 |    10 |    11 |    21 |    55 |    36 |    27 |    31 |    37 ||   230
       Ration            |       |       |       |     3 |       |     5 |     4 |     9 |    13 ||    34
Armor: Scale mail        |    32 |       |       |       |       |       |       |       |       ||    32
       Plate armour      |    53 |   189 |   194 |   380 |   618 |   799 |    31 |       |       ||  2264
       Crystal plate arm |       |       |       |       |       |       |   486 |   348 |       ||   834
       Skin              |       |       |       |       |       |       |       |    15 |       ||    15
       Gold dragon scale |       |       |       |       |       |       |       |   252 |  1357 ||  1609
Dodge: Dodged            |    25 |    24 |    43 |   106 |   167 |   259 |   143 |   175 |   599 ||  1541
Block: Kite shield       |    42 |    94 |   129 |   313 |       |       |       |       |       ||   578
       Tower shield      |       |       |       |    26 |   959 |  1105 |   924 |  1342 |  2723 ||  7079
       Reflection        |       |       |       |       |       |       |       |    29 |    50 ||    79
